 Dungeon Crawl Stone Soup version 0.31-a0-819-gf6de2f5ab6 (webtiles) character file.

Game seed: 7803631356459064532

898 qw the Skirmisher (level 8, -1/49 HPs)
             Began as a Gargoyle Hunter on Sept 23, 2023.
             Was an Initiate of Okawaru.
             Slain by a gnoll
             ... wielding a +0 spear
             ... led by a gnoll sergeant
              (7 damage)
             ... on level 5 of the Dungeon.
             The game lasted 00:01:30 (3666 turns).

qw the Skirmisher (Gargoyle Hunter)                 Turns: 3666, Time: 00:01:30

Health: -1/49      AC: 14    Str: 14    XL:     8   Next: 7%
Magic:  8/8        EV: 11    Int: 11    God:    Okawaru [......]
Gold:   210        SH:  0    Dex: 21    Spells: 7/7 levels left

rFire   . . .        c - +2 sling "Xeogeew" {heavy, rN+ Will+}
rCold   . . .        (no shield)
rNeg    + + .        b - +0 ring mail
rPois   inf          (no helmet)
rElec   +            (no cloak)
rCorr   .            h - +2 pair of gloves
SInv    .            (no boots)
Will    +....        (no amulet)
Stlth   +            f - +6 ring of dexterity
HPRegen 0.28/turn    (no ring)
MPRegen 0.11/turn

%: no passive effects
@: no status effects
A: sickness immunity, AC +5, negative energy resistance 1, electricity
resistance, torment resistance 1, petrification resistance
a: Renounce Religion


You were on level 5 of the Dungeon.
You worshipped Okawaru.
Okawaru was noncommittal.
You visited 2 branches of the dungeon, and saw 6 of its levels.

You collected 210 gold pieces.


Innate Abilities, Weirdness & Mutations

You are immune to sickness and miasma.
Your stone body is resilient. (AC +5)
You are immune to poison.
You resist negative energy. (rN+)
You are resistant to electric shocks. (rElec)
You are resistant to unholy torment.
You are immune to petrification.


   Skills:
 - Level 5.1 Fighting
 + Level 8.2 Ranged Weapons
 - Level 2.1 Armour
 - Level 2.3 Dodging
 - Level 1.1 Stealth


You had 7 spell levels left.
You didn't know any spells.
Your spell library was empty.

Inventory:

Hand Weapons
 c - the +2 sling "Xeogeew" (weapon) {heavy, rN+ Will+}
   (You found it on level 4 of the Dungeon)

   rN+:       It protects you from negative energy.
   Will+:     It increases your willpower.
Armour
 b - a +0 ring mail (worn)
 h - a +2 pair of gloves (worn)
Jewellery
 f - a +6 ring of dexterity (left hand)
Scrolls
 e - a scroll of identify
Potions
 a - a potion of brilliance {unknown}
 d - 2 potions of curing
 g - a potion of might
 j - a potion of resistance {unknown}

Dungeon Overview and Level Annotations

Branches:
Dungeon (5/15)             Temple (1/1) D:4

Altars:
Ashenzari
Dithmenos
Elyvilon
Fedhas
Gozag
Hepliaklqana
Kikubaaqudgha
Makhleb
Nemelex Xobeh
Okawaru
Qazlal
Sif Muna
Trog
Uskayaw
Vehumet
Wu Jian
Xom
Yredelemnul
Zin
The Shining One

Annotations:
D:2 1 runed translucent door, Crazy Yiuf


Message History

You see here a throwing net.
3659 |||
Found retreat position at 4,2 (closed_door) with 0 blocking monsters and 4 monsters attacking at destination at distance 4
Enter note: You struggle against the net.
The hound bites you but does no damage. The gnoll hits you but does no damage.
The gnoll sergeant hits you but does no damage.
The gnoll hits you but does no damage.
3660 |||
Found retreat position at 4,2 (closed_door) with 0 blocking monsters and 4 monsters attacking at destination at distance 4 You struggle against the net.
The hound bites you. The hound bites you but does no damage.
The gnoll hits you but does no damage.
The gnoll sergeant hits you from afar with a +2 trident of venom.
The gnoll hits you with a +0 spear. The gnoll hits you with a +0 flail.
3661 |||
Found retreat position at 4,2 (closed_door) with 0 blocking monsters and 4 monsters attacking at destination at distance 4 You struggle against the net.
The hound bites you. The gnoll hits you but does no damage.
The gnoll sergeant hits you from afar with a +2 trident of venom.
The gnoll hits you but does no damage. x2
3662 |||
Found retreat position at 4,2 (closed_door) with 0 blocking monsters and 4 monsters attacking at destination at distance 4 You rip the net and break free!
The hound bites you. The hound bites you but does no damage.
The gnoll closely misses you.
The gnoll sergeant hits you but does no damage.
The gnoll hits you but does no damage. The gnoll hits you with a +0 flail.
3663 |||
Found retreat position at 4,2 (closed_door) with 0 blocking monsters and 4 monsters attacking at destination at distance 4
3663 ||| Stepping ~*~*~tactically~*~*~ (retreating).
Enter note:
3664 |||
Found retreat position at 3,1 (closed_door) with 0 blocking monsters and 2 monsters attacking at destination at distance 3
3664 ||| Stepping ~*~*~tactically~*~*~ (retreating).
The hound bites you but does no damage.
You shoot a sling bullet. The sling bullet hits the hound!
The hound is almost dead.
The hound closely misses you. The hound bites you but does no damage.
The gnoll hits you but does no damage.
You shoot a sling bullet.
The sling bullet closely misses the hound.
The hound bites you but does no damage. The gnoll hits you but does no damage.
The hound bites you but does no damage.
The gnoll hits you from afar with a +0 spear!
You die...

....... ..[.
......#####....
#............
#............
#.........#
#......g..#
#.....g.g.#
+....#g####
#....#.h@###### ###
#....#....+...#
.....
#....#....#...#
....
#....#...##...##..#
#....#...##...##..#
#....##'###.......#
#.........#.......#
#...)...).#.......#
#.........'....(..#


You could see a hound and a gnoll.

Vanquished Creatures
  Prince Ribbit (D:5)
  Eustachio (D:4)
  2 phantoms
  2 scorpions
  2 orc priests
  Ijyb (D:4)
  An iguana (D:4)
  7 gnolls
  5 adders
  A worm (D:3)
  4 dart slugs
  9 orcs
  13 endoplasms
  2 giant cockroaches
  8 hobgoblins
  3 jackals (D:4)
  10 kobolds
  3 quokkas
  7 ball pythons
  5 bats
  3 frilled lizards
  8 goblins
  4 rats
102 creatures vanquished.

Vanquished Creatures (others)
  An endoplasm (D:4)
1 creature vanquished.

Grand Total: 103 creatures vanquished

Notes
Turn   | Place    | Note
-------+----------+-------------------------------------------
     0 | D:1      | qw the Gargoyle Hunter began the quest for the Orb.
     0 | D:1      | Reached XP level 1. HP: 12/12 MP: 1/1
     0 | D:1      | 0 ||| qw: Version: 0.3-a-83-gcd0e7d8
     0 | D:1      | 0 ||| qw: Game counter: 1476
     0 | D:1      | 0 ||| qw: Melee chars always use a shield: true
     0 | D:1      | 0 ||| qw: God list: Okawaru
     0 | D:1      | 0 ||| qw: Allow faded altars: false
     0 | D:1      | 0 ||| qw: Do Orc after clearing Dungeon:15 true
     0 | D:1      | 0 ||| qw: Do second Lair branch before Depths: true
     0 | D:1      | 0 ||| qw: Lair rune preference: random
     0 | D:1      | 0 ||| qw: Goals: Normal
     0 | D:1      | 0 ||| PLANNING D:1-11
   148 | D:1      | Reached XP level 2. HP: 17/17 MP: 2/2
   232 | D:1      | Found a faded altar of an unknown god.
   743 | D:1      | 743 ||| UPGRADING to +6 ring of dexterity.
   744 | D:1      | 744 ||| DROPPING ring of flight.
   745 | D:1      | 745 ||| READING scroll labelled NUTUTI BIAREPT.
   746 | D:1      | 746 ||| READING 2 scrolls labelled TULENI XIEKK.
   747 | D:1      | 747 ||| READING scroll labelled XIUPPEKHLOE.
   748 | D:1      | 748 ||| READING 2 scrolls labelled CUACRE EKHIBB.
   749 | D:1      | 749 ||| DROPPING scroll of butterflies.
   807 | D:2      | Reached skill level 5 in Ranged Weapons
   807 | D:2      | Reached XP level 3. HP: 17/21 MP: 3/3
   934 | D:2      | Found a runed translucent door.
   935 | D:2      | Noticed Crazy Yiuf
  1165 | D:2      | Reached skill level 3 in Fighting
  1174 | D:2      | Reached XP level 4. HP: 20/28 MP: 4/4
  1299 | D:2      | Found a stormy altar of Qazlal.
  1740 | D:2      | 1740 ||| UPGRADING to +0 pair of gloves.
  1745 | D:2      | 1745 ||| UPGRADING to +0 ring mail.
  1755 | D:2      | 1755 ||| DROPPING +0 leather armour.
  1756 | D:2      | 1756 ||| READING scroll of enchant armour.
  1756 | D:2      | 1756 ||| ENCHANTING +0 pair of gloves.
  1860 | D:3      | Reached skill level 1 in Armour
  1933 | D:3      | 1933 ||| RETREEAATING.
  1940 | D:3      | 1940 ||| FLEEEEING.
  1941 | D:3      | 1941 ||| FLEEEEING.
  1942 | D:3      | 1942 ||| FLEEEEING.
  1943 | D:3      | 1943 ||| FLEEEEING.
  1944 | D:3      | 1944 ||| FLEEEEING.
  1945 | D:3      | 1945 ||| FLEEEEING.
  1990 | D:3      | You fall into a shaft and drop 2 floors!
  1990 | D:5      | Entered Level 5 of the Dungeon
  2100 | D:3      | Reached XP level 5. HP: 32/32 MP: 5/5
  2233 | D:3      | Reached skill level 6 in Ranged Weapons
  2326 | D:3      | 2326 ||| FLEEEEING.
  2327 | D:3      | 2327 ||| FLEEEEING.
  2328 | D:3      | 2328 ||| FLEEEEING.
  2329 | D:3      | 2329 ||| FLEEEEING.
  2840 | D:3      | 2840 ||| UPGRADING to +2 pair of gloves.
  2850 | D:3      | 2850 ||| DROPPING +1 pair of gloves.
  2851 | D:3      | 2851 ||| READING scroll labelled FUIDIO QO FULU.
  2852 | D:3      | 2852 ||| READING scroll labelled NAMELY KIUSM.
  2853 | D:3      | 2853 ||| DRINKING 3 viscous inky potions.
  2854 | D:3      | 2854 ||| READING 2 scrolls of identify.
  2854 | D:3      | 2854 ||| IDENTIFYING bubbling yellow potion
  2883 | D:4      | Reached XP level 6. HP: 32/38 MP: 6/6
  2937 | D:4      | Noticed Eustachio
  2956 | D:4      | 2956 ||| RETREEAATING.
  2957 | D:4      | 2957 ||| STILL RETREEAATING.
  2958 | D:4      | 2958 ||| STILL RETREEAATING.
  2959 | D:4      | 2959 ||| Stepping ~*~*~tactically~*~*~ (retreating).
  2960 | D:4      | 2960 ||| Stepping ~*~*~tactically~*~*~ (retreating).
  2961 | D:4      | 2961 ||| Stepping ~*~*~tactically~*~*~ (retreating).
  2977 | D:4      | Killed Eustachio
  2978 | D:4      | Reached skill level 7 in Ranged Weapons
  3096 | D:4      | Reached XP level 7. HP: 43/43 MP: 7/7
  3139 | D:4      | Noticed Ijyb
  3153 | D:4      | Killed Ijyb
  3248 | D:4      | Identified the +2 sling "Xeogeew" {heavy, rN+ Will+}
  3250 | D:4      | 3250 ||| SWAPPING to +2 sling "Xeogeew" {heavy, rN+ Will+}.
  3251 | D:4      | 3251 ||| DROPPING +0 shortbow.
  3283 | D:4      | Found a staircase to the Ecumenical Temple.
  3284 | D:4      | 3284 ||| PLANNING TEMPLE
  3284 | D:4      | 3284 ||| READING scroll labelled BOCSENWEYR.
  3317 | Temple   | Entered the Ecumenical Temple
  3318 | Temple   | 3318 ||| PLANNING OKAWARU WORSHIP
  3361 | Temple   | Became a worshipper of Warmaster Okawaru
  3362 | Temple   | 3362 ||| PLANNING D:1-11
  3468 | D:4      | Identified the +8 mace of the Bright God {vamp, *Slow rPois
                  | rC+ Str+4}
  3520 | D:5      | Noticed Prince Ribbit
  3542 | D:5      | Killed Prince Ribbit
  3543 | D:5      | Reached skill level 8 in Ranged Weapons
  3637 | D:5      | Reached XP level 8. HP: 49/49 MP: 8/8
  3653 | D:5      | 3653 ||| RETREEAATING.
  3654 | D:5      | 3654 ||| STILL RETREEAATING.
  3658 | D:5      | 3658 ||| Stepping ~*~*~tactically~*~*~ (retreating).
  3661 | D:5      | HP: 12/49 [gnoll sergeant/+2 trident of venom (5)]
  3662 | D:5      | HP: 5/49 [gnoll/+0 flail[a gnoll sergeant] (3)]
  3663 | D:5      | 3663 ||| Stepping ~*~*~tactically~*~*~ (retreating).
  3664 | D:5      | 3664 ||| Stepping ~*~*~tactically~*~*~ (retreating).
  3666 | D:5      | Slain by a gnoll

Levels and vault maps discovered:
D:1:      dpeg_arrival_tiny_d, layout_loops_cross,
          ebering_ecumenical_altar_hall, st_stairs_9, dreamdust_princess_bridge,
          grunt_decor_junction
D:2:      layout_basic, basic_altar, amethyst_killhole, st_stairs_4,
          serial_bayou_pond_b, minmay_misc_feat_pillars, uniq_crazy_yiuf_cottage
D:3:      layout_loops_corners, serial_bayou, serial_bayou_pond_d,
          serial_bayou_ford_a, serial_bayou_pond_e, serial_bayou_lagoon_a,
          minmay_box_of_dots
D:4:      layout_rooms, minmay_temple_entry_proselytizer, uniq_ijyb,
          uniq_eustachio
D:5:      layout_gridville, kennysheep_mini_moat, gammafunk_ghost_stat_death,
          nicolae_shop_fire_sale [nicolae_sub_dead_trees], lightli_minifort,
          uniq_edmund, uniq_prince_ribbit1
Temple:   mainiacjoe_temple_cubbyholes

Skill      XL: |  1  2  3  4  5  6  7  8 |
---------------+-------------------------+-----
Ranged Weapons | 5 6 7 8 |  8.2
Fighting       | 3 4 5 |  5.1
Armour         | 1 2 |  2.1
Dodging        | 2 |  2.3
Stealth        | |  1.1

Action                     |  1- 3 |  4- 6 |  7- 9 || total
---------------------------+-------+-------+-------++-------
   Fire: Shortbow          |   114 |   181 |    17 ||   312
         Sling             |       |       |    43 ||    43
    Use: Scroll            |     4 |     4 |     1 ||     9
         Potion            |       |     1 |       ||     1
 Armour: Leather armour    |    32 |     5 |       ||    37
         Ring mail         |       |    60 |    59 ||   119
  Dodge: Dodged            |    38 |    56 |    18 ||   112

Table legend:
 A = Non-vault XP
 B = Vault XP
 C = Vault XP percentage of total XP
 D = Non-vault monster count
 E = Vault monster count
 F = Vault count percentage of total count
                 A         B        C        D         E       F
            +---------+---------+-------+---------+---------+-------
      Total |     715 |     568 |  44.3 |      85 |      17 |  16.7
            +---------+---------+-------+---------+---------+-------
        D:1 |      26 |       3 |  10.3 |      16 |       2 |  11.1
        D:2 |      45 |      34 |  43.0 |      19 |       8 |  29.6
        D:3 |     160 |       7 |   4.2 |      27 |       3 |  10.0
        D:4 |     257 |     265 |  50.8 |      18 |       3 |  14.3
        D:5 |     227 |     259 |  53.3 |       5 |       1 |  16.7
            +---------+---------+-------+---------+---------+-------
